 Dungeon Sprint DCSS version 0.23-a0-767-gdc19b93d68 (webtiles) character file.

1955 Denreik the Blocker (level 9, -9/79 HPs)
             Began as a Formicid Fighter on Jan 19, 2019.
             Was a Follower of Cheibriados.
             Mangled by a tentacle (16 damage)
             ... attached to a kraken
             ... in the Dungeon (Sprint II: "The Violet Keep of Menkaure").
             The game lasted 00:23:34 (1262 turns).

Denreik the Blocker (Formicid Fighter)              Turns: 1262, Time: 00:23:35

Health: -9/79      AC: 10    Str: 31    XL:     9   Next: 42%
Magic:  9/9        EV: 14    Int: 12    God:    Cheibriados [*.....]
Gold:   320        SH: 23    Dex: 13    Spells: 8/8 levels left

rFire    + . .     SeeInvis +   b - +0 arbalest
rCold    . . .     Gourm    .   g - +2 large shield
rNeg     . . .     Faith    .   q - +0 scale mail
rPois    .         Spirit   .   (helmet unavailable)
rElec    .         Reflect  .   o - +0 cloak
rCorr    .         Harm     .   n - +0 pair of gloves
MR       .....                  (no boots)
Stlth    ..........             (no amulet)
HPRegen  0.23/turn              m - ring "Firroure" {rF+ EV+4}
MPRegen  0.11/turn              s - +5 ring of strength

@: very slow
A: permanent stasis, dig shafts and tunnels, four strong arms, antennae 3
a: Dig, Bend Time, Renounce Religion


You were in the Dungeon.
You worshipped Cheibriados.
Cheibriados was aware of your devotion.
You were hungry.

You visited 1 branch You collected 904 gold pieces.
You spent 584 gold pieces at shops.

Inventory:

Hand Weapons
 a - the +5 glaive "Enepi" {venom, Int+2}
   (You bought it in a shop in the Dungeon)

   It poisons the flesh of those it strikes.
   It affects your intelligence (+2).
 b - a +0 arbalest (weapon)
 e - a +0 quarterstaff
Missiles
 r - 16 bolts (quivered)
Armour
 c - a +0 shield
 g - a +2 large shield (worn)
 n - a +0 pair of gloves (worn)
 o - a +0 cloak (worn)
 q - a +0 scale mail (worn)
Jewellery
 m - the ring "Firroure" (left hand) {rF+ EV+4}
   (You bought it in a shop in the Dungeon)

   [ring of evasion]

   It affects your evasion (+4).
   It protects you from fire.
 s - a +5 ring of strength (right hand)
 C - an uncursed ring of resist corrosion
Scrolls
 k - a scroll of blinking
 t - 5 scrolls of amnesia {unknown}
 u - 3 scrolls of identify {unknown}
 v - a scroll of magic mapping {unknown}
 w - 2 scrolls of remove curse {unknown}
 y - a scroll of fog {unknown}
 A - a scroll of enchant armour {unknown}
Potions
 d - 3 potions of might
 h - 2 potions of haste
 i - 5 potions of magic
 j - a potion of berserk rage
 p - 2 potions of curing
 x - 2 potions of ambrosia {unknown}
 z - a potion of cancellation {unknown}
 B - a potion of degeneration {unknown}
 E - a potion of agility {unknown}
 F - 3 potions of resistance {unknown}
 G - 3 potions of flight {unknown}
Comestibles
 f - 4 rations


   Skills:
 - Level 10.4 Fighting
 - Level 10.9(11.4) Polearms
 - Level 5.4(9.0) Staves
 - Level 7.6 Armour
 - Level 14.1 Shields


You had 8 spell levels left.
You didn't know any spells.
Your spell library was empty.

Dungeon Overview and Level Annotations

Branches:
Dungeon (1/1)

Altars:
Cheibriados
Dithmenos
Elyvilon
Fedhas
Gozag
Hepliaklqana
Kikubaaqudgha
Makhleb
Nemelex Xobeh
Okawaru
Qazlal
Ru
Sif Muna
Trog
Uskayaw
Vehumet
Wu Jian
Xom
Yredelemnul
Zin
The Shining One
Beogh
Jiyva
Lugonu

Shops:
D [::}=%![!*?(==[[

Annotations:
D exclusion: oklob plant


Innate Abilities, Weirdness & Mutations

You cannot be hasted, slowed, berserked, paralysed or teleported.
You can dig through walls and to a lower floor.
Your four strong arms can wield two-handed weapons with a shield.
You have a pair of large antennae on your head. (SInv)


Message History

The tentacle is moderately wounded.
You block the tentacle's attack.
The kraken squirts a massive cloud of ink into the water!
You block the tentacle's attack.
Firing (i - inventory)
r - 17 bolts (quivered)
Press: ? - help, Shift-Dir - straight line, f/p - kraken
Aim: a kraken (ink, water, almost dead)
You shoot a bolt. The bolt hits the tentacle segment.
The tentacle segment is lightly wounded.
The tentacle slaps you!
* * * LOW HITPOINT WARNING * * *
The kraken squirts a massive cloud of ink into the water!
You block the tentacle's attack. The tentacle slaps you!
* * * LOW HITPOINT WARNING * * *
You feel much better. The tentacle slaps you!
* * * LOW HITPOINT WARNING * * *
The kraken squirts a massive cloud of ink into the water!
The tentacle completely misses you.
You block the tentacle's attack. x2; The tentacle slaps you!
You die...

{{#[°▓..)[(.).▓▓{ {
#{{+.##.#°○▓....(...▓▓{ #
{ ...####▓...()..(▓▓ ##
#..# .#▓[.))....▓▓ .#{
+^.# .#▓)...)()(▓▓ .#
{#..# .#▓...))(..▓▓
.####..##.#▓..(.....▓▓{
...###...##▓▓▓▓▓▓▓'▓▓▓▓+▓
.....≈≈≈≈≈≈≈≈≈≈§@w──wXw≈▓
.....≈#'########'###Vw§≈▓
≈≈≈§.≈#.._.....#≈§§##≈§X▓
≈§≈≈§§#._._....#≈§§≈####▓
≈≈≈≈≈≈#_._._...#§§§≈≈##
§≈≈≈≈≈#._._._..#§≈§§§§# {
§≈≈≈≈≈#_._._._.#§§§§§≈+
≈###≈≈#._._._._#≈≈§§≈§#
≈# #§§#_._._._.#§≈§§≈≈▓


You could see a kraken and 4 tentacles.

Vanquished Creatures
  A yaktaur (D)
  3 polar bears (D)
  A hornet (D)
  A blink frog (D)
  Menkaure (D)
  4 necrophages (D)
  3 crocodiles (D)
  4 worker ants (D)
  3 worms (D)
  6 tentacles (D)
27 creatures vanquished.

Vanquished Creatures (others)
  A crocodile (D)
  27 tentacles (D)
28 creatures vanquished.

Grand Total: 55 creatures vanquished

Notes
Turn   | Place    | Note
-------+----------+-------------------------------------------
     0 | D        | Denreik the Formicid Fighter began the quest for the Orb.
     0 | D        | Reached XP level 1. HP: 18/18 MP: 1/1
     1 | D        | Noticed a worker ant
     1 | D        | Noticed a worker ant
     1 | D        | Noticed a worker ant
     1 | D        | Noticed a worker ant
     8 | D        | Killed a worker ant
     8 | D        | Reached XP level 2. HP: 26/29 MP: 2/2
     8 | D        | Reached XP level 3. HP: 32/35 MP: 3/3
    16 | D        | Reached XP level 4. HP: 32/46 MP: 4/4
    24 | D        | Reached skill level 4 in Shields
    89 | D        | Killed a crocodile
   340 | D        | Noticed a necrophage
   340 | D        | Noticed a necrophage
   340 | D        | Noticed a necrophage
   340 | D        | Noticed a necrophage
   347 | D        | Killed a necrophage
   347 | D        | Reached skill level 10 in Fighting
   347 | D        | Reached skill level 8 in Shields
   347 | D        | Reached XP level 5. HP: 52/54 MP: 5/5
   359 | D        | Killed a necrophage
   359 | D        | Reached skill level 10 in Shields
   359 | D        | Reached XP level 6. HP: 56/61 MP: 6/6
   362 | D        | Killed a necrophage
   362 | D        | Reached skill level 12 in Shields
   368 | D        | Killed a necrophage
   368 | D        | Reached skill level 5 in Staves
   368 | D        | Reached XP level 7. HP: 64/67 MP: 7/7
   471 | D        | Noticed a tyrant leech
   471 | D        | Noticed a tyrant leech
   479 | D        | Found Coatio's Assorted Antiques.
   479 | D        | Found Aneoneda's Antique Weapon Emporium.
   479 | D        | Found Tovar's Jewellery Emporium.
   479 | D        | Found Zuiptaboe's Distillery.
   479 | D        | Found Irituexo's Magic Scroll Shoppe.
   480 | D        | Found Reepatwi's Antique Armour Shoppe.
   480 | D        | Found Poovvuado's Armour Emporium.
   480 | D        | Found Ruhath's Jewellery Shoppe.
   480 | D        | Found Dison's Antique Armour Shoppe.
   481 | D        | Found Piarroax's Distillery.
   481 | D        | Found Ejityh's Food Emporium.
   483 | D        | Found Suvumeng's Jewellery Emporium.
   483 | D        | Found Asesei's Gadget Shoppe.
   483 | D        | Noticed Menkaure
   483 | D        | Noticed an iron elemental
   483 | D        | Noticed an oklob plant
   484 | D        | Found Lirr's Book Shoppe.
   484 | D        | Found Beomek's Armour Emporium.
   484 | D        | Found Gevisid's Book Shoppe.
   491 | D        | Noticed a spiny frog
   494 | D        | Bought a fine glaive for 322 gold pieces
   494 | D        | Identified the +5 glaive "Enepi" {venom, Int+2} (You bought
                  | it in a shop in the Dungeon)
   499 | D        | Killed Menkaure
   522 | D        | Bought a clouded silver ring for 110 gold pieces
   522 | D        | Identified the ring "Firroure" {rF+ EV+4} (You bought it in
                  | a shop in the Dungeon)
   539 | D        | Bought a +0 pair of gloves for 58 gold pieces
   539 | D        | Bought a +0 cloak for 58 gold pieces
   553 | D        | Bought a potion of curing for 36 gold pieces
   553 | D        | Noticed a great orb of eyes
   562 | D        | Noticed a flying skull
   562 | D        | Noticed a flying skull
   563 | D        | Noticed a blink frog
   571 | D        | Killed a blink frog
   571 | D        | Reached XP level 8. HP: 56/73 MP: 8/8
   654 | D        | Found a stormy altar of Qazlal.
   654 | D        | Found an ornate altar of the Wu Jian Council.
   655 | D        | Found a hazy altar of Hepliaklqana.
   655 | D        | Found a sacrificial altar of Ru.
   655 | D        | Found a shimmering altar of Xom.
   656 | D        | Found a roughly hewn altar of Beogh.
   656 | D        | Found a viscous altar of Jiyva.
   656 | D        | Found a deep blue altar of Sif Muna.
   657 | D        | Found a snail-covered altar of Cheibriados.
   657 | D        | Found an ancient bone altar of Kikubaaqudgha.
   657 | D        | Found a bloodstained altar of Trog.
   658 | D        | Found a shadowy altar of Dithmenos.
   658 | D        | Found a corrupted altar of Lugonu.
   659 | D        | Found a white marble altar of Elyvilon.
   659 | D        | Found a burning altar of Makhleb.
   660 | D        | Found a blossoming altar of Fedhas.
   662 | D        | Found a glowing golden altar of the Shining One.
   662 | D        | Found a basalt altar of Yredelemnul.
   662 | D        | Found a hide-covered altar of Uskayaw.
   663 | D        | Found a glowing silver altar of Zin.
   663 | D        | Found a radiant altar of Vehumet.
   663 | D        | Noticed a polar bear
   663 | D        | Noticed a polar bear
   664 | D        | Noticed a polar bear
   686 | D        | Killed a polar bear
   688 | D        | Killed a polar bear
   688 | D        | Reached skill level 10 in Polearms
   692 | D        | Killed a polar bear
   909 | D        | Noticed a yaktaur
   909 | D        | Noticed a hornet
   916 | D        | Killed a hornet
   916 | D        | Reached skill level 13 in Shields
   916 | D        | Reached XP level 9. HP: 79/79 MP: 9/9
   921 | D        | Killed a yaktaur
   921 | D        | Reached skill level 5 in Armour
   921 | D        | Reached skill level 14 in Shields
   939 | D        | Found an opulent altar of Gozag.
   939 | D        | Found a sparkling altar of Nemelex Xobeh.
   940 | D        | Found an iron altar of Okawaru.
   943 | D        | Became a worshipper of Cheibriados the Contemplative
   954 | D        | Noticed a kraken
   964 | D        | Reached * piety under Cheibriados
  1260 | D        | HP: 1/79 [tentacle[a kraken] (13)]
  1262 | D        | Mangled by a tentacle

Vault maps used:
D:        the_violet_keep_of_menkaure

Skill      XL: |  1  2  3  4  5  6  7  8  9 |
---------------+----------------------------+-----
Fighting       | 6 9 10 | 10.4
Shields        | 8 10 12 13 14 | 14.1
Staves         | 5 |  5.4
Polearms       | 7 10 | 10.9
Armour         | 4 7 |  7.6

Action                   |  1- 3 |  4- 6 |  7- 9 || total
-------------------------+-------+-------+-------++-------
Melee: Quarterstaff      |    13 |    35 |    12 ||    60
       Glaive            |       |       |    61 ||    61
 Fire: Arbalest          |       |       |    19 ||    19
 Abil: Dig               |       |       |     1 ||     1
  Use: Potion            |     1 |       |     2 ||     3
Armor: Scale mail        |     2 |     8 |    22 ||    32
Dodge: Dodged            |     4 |     7 |    24 ||    35
Block: Shield            |     9 |    20 |    47 ||    76
       Large shield      |       |       |    22 ||    22

Table legend:
 A = Non-vault XP
 B = Vault XP
 C = Vault XP percentage of total XP
 D = Non-vault monster count
 E = Vault monster count
 F = Vault count percentage of total count
                 A         B        C        D         E       F
            +---------+---------+-------+---------+---------+-------
      Total |       0 |    2794 | 100.0 |       0 |      21 | 100.0
            +---------+---------+-------+---------+---------+-------
          D |       0 |    2794 | 100.0 |       0 |      21 | 100.0
            +---------+---------+-------+---------+---------+-------
